Map: Lightshade LE

Players

HeroMarine - Winner!

  • Race: Terran Terran
  • League: Grandmaster
  • Spawn Location: 5:00

MarineLorD

  • Race: Terran Terran
  • League: Master
  • Spawn Location: 11:00

Event: DreamHack SC2 Masters 2020 Winter

VOD

Have the link to the VOD?

Description

Time

  • Played on: Oct. 29, 2020, 2:49 p.m.
  • Length: 17:43

All games in this series

Show
View Real Time Build Order
Export as new Build Order

HeroMarine Terran - Winner!

Build Orders:  

Get SALT Encoding   

  12  0:00  SCV  
  13  0:12  SCV  
  14  0:17  Supply Depot  
  14  0:24  SCV  
  15  0:38  SCV  
  15  0:40  Barracks  
  16  0:43  Refinery  
  16  0:50  SCV  
  16  0:55  Refinery  
  17  1:03  SCV  
  18  1:15  SCV  
  19  1:26  Reaper  
  19  1:27  Orbital Command  
  19  1:28  Supply Depot  
  20  1:42  Factory  
  20  1:52  SCV  
  21  1:59  Reaper  
  22  2:04  SCV  
  23  2:17  SCV  
  23  2:22  Command Center  
  24  2:28  Hellion  
  26  2:30  SCV  
  27  2:37  Barracks Reactor  
  27  2:42  SCV, Supply Depot  
  28  2:49  Widow Mine  
  30  2:54  SCV  
  30  2:56  Starport  
  31  3:06  SCV  
  31  3:11  Factory Tech Lab  
  32  3:13  Marine x2  
  32  3:18  SCV  
  35  3:31  SCV  
  35  3:32  Starport Tech Lab  
  41  3:34  Cyclone  
  41  3:35  Orbital Command  
  41  3:36  Marine  
  41  3:37  Marine  
  41  3:43  SCV, Refinery  
  42  3:50  Raven  
  42  3:54  Marine x2  
  42  3:55  SCV  
  47  4:02  SCV, Supply Depot  
  48  4:07  SCV  
  49  4:11  Siege Tank  
  49  4:14  SCV, Marine  
  54  4:19  Supply Depot  
  54  4:23  Marine  
  54  4:24  SCV  
  56  4:26  SCV  
  57  4:35  Raven, Marine  
  57  4:37  SCV  
  61  4:39  SCV  
  61  4:41  Marine  
  61  4:43  Supply Depot  
  63  4:49  SCV  
  63  4:50  Siege Tank  
  63  4:51  SCV  
  68  4:57  Command Center  
  68  5:01  SCV  
  68  5:02  Marine  
  68  5:04  Marine  
  68  5:05  SCV  
  68  5:06  Supply Depot  
  72  5:13  SCV  
  72  5:16  Refinery  
  72  5:17  SCV  
  73  5:25  SCV  
  74  5:29  SCV, Siege Tank  
  74  5:32  Viking  
  80  5:35  Barracks  
  80  5:36  Barracks  
  80  5:37  Viking  
  80  5:40  SCV  
  80  5:41  SCV  
  84  5:44  Stimpack  
  85  5:52  SCV  
  85  5:55  Engineering Bay  
  85  5:56  SCV, Engineering Bay  
  86  6:08  Viking x2, SCV x2, Siege Tank  
  95  6:12  Orbital Command  
  95  6:20  SCV x2, Marine  
  95  6:23  Terran Infantry Weapons Level 1, Terran Infantry Armor Level 1  
  98  6:30  Barracks  
  98  6:32  SCV  
  99  6:33  Barracks Reactor, Barracks  
  99  6:34  Barracks Reactor, Orbital Command  
  99  6:38  Marine  
  100  6:41  Supply Depot  
  100  6:44  SCV  
  100  6:45  SCV  
  97  6:48  Siege Tank  
  100  6:54  Supply Depot  
  100  6:56  SCV  
  100  6:57  Supply Depot  
  101  7:03  Viking x2, SCV  
  101  7:05  SCV  
  101  7:06  Supply Depot  
  106  7:08  SCV  
  106  7:15  SCV  
  108  7:16  Marine x3  
  108  7:17  SCV, Marine  
  108  7:19  Barracks Reactor  
  108  7:20  Barracks Reactor, SCV  
  114  7:22  Marine  
  114  7:27  SCV  
  114  7:29  SCV  
  116  7:31  Refinery x2  
  116  7:33  SCV  
  116  7:34  Marine x2  
  116  7:35  Marine x2  
  120  7:37  Sensor Tower  
  120  7:39  SCV  
  120  7:40  Marine  
  120  7:41  SCV  
  120  7:42  Medivac x2  
  126  7:45  SCV  
  126  7:46  Supply Depot  
  126  7:48  Siege Tank  
  126  7:51  Supply Depot  
  129  7:52  Marine x2  
  129  7:53  Marine  
  129  7:55  Combat Shield  
  133  8:00  Supply Depot  
  133  8:01  Marine  
  133  8:03  Armory  
  133  8:06  Command Center  
  133  8:07  Marine  
  133  8:10  Marine x6  
  133  8:12  Marine  
  141  8:17  Medivac  
  141  8:18  Medivac  
  145  8:20  Supply Depot  
  145  8:21  Siege Tank  
  145  8:23  Supply Depot  
  145  8:25  Supply Depot, Marine x2  
  149  8:27  Marine  
  149  8:28  Marine x2  
  149  8:32  Marine x2  
  152  8:38  Marine x2  
  153  8:42  Marine  
  153  8:43  Marine  
  153  8:45  Factory, Marine  
  153  8:46  Marine  
  153  8:47  Viking x2  
  156  8:59  Marine x4  
  156  9:07  Marine x2  
  156  9:08  Marine x2  
  128  9:17  Viking x2, Marine x4  
  128  9:18  Siege Tank  
  137  9:24  SCV x2  
  137  9:25  SCV, Marine x2  
  137  9:26  Marine x2  
  137  9:28  Terran Infantry Armor Level 2, Terran Infantry Weapons Level 2  
  137  9:29  Barracks Reactor  
  144  9:35  Marine x4  
  144  9:36  SCV  
  144  9:37  SCV x2  
  151  9:42  Siege Tank  
  151  9:43  Marine  
  155  9:50  Planetary Fortress, Siege Tank  
  155  9:52  Terran Vehicle Weapons Level 1  
  157  9:54  Marine  
  157  9:59  Marine x3  
  158  10:02  Marine x3  
  158  10:03  Marine  
  140  10:08  Marine x2  
  140  10:11  Marine  
  140  10:14  Viking, Siege Tank  
  140  10:16  Viking  
  140  10:17  Marine x3  
  140  10:20  Marine x3  
  153  10:22  Marine  
  153  10:23  Siege Tank  
  153  10:26  Marine x2  
  159  10:30  Marine  
  159  10:32  Starport  
  159  10:34  Starport  
  148  10:39  Marine x4  
  148  10:41  SCV  
  148  10:42  SCV x3, Refinery x2  
  154  10:45  Marine x3  
  157  10:50  Medivac x2  
  157  10:53  SCV  
  157  10:56  Siege Tank  
  165  10:58  Marine x2  
  165  10:59  Sensor Tower  
  165  11:02  Marine x2  
  165  11:04  Marine x2  
  169  11:05  Siege Tank  
  169  11:06  Marine  
  175  11:12  Marine  
  175  11:13  Marine  
  175  11:17  Starport Reactor  
  176  11:22  Starport Reactor  
  170  11:30  Armory  
  170  11:33  Viking  
  170  11:34  Viking  
  174  11:46  Command Center  
  174  11:47  Terran Ship Weapons Level 1  
  174  11:49  Terran Infantry Weapons Level 3, Terran Infantry Armor Level 3  
  174  11:53  Viking x2  
  178  11:58  Viking  
  179  12:03  Viking  
  177  12:15  Viking  
  177  12:16  Viking  
  177  12:18  Fusion Core  
  179  12:23  Command Center  
  179  12:24  Command Center  
  178  12:31  Liberator x2  
  178  12:32  Viking  
  178  12:37  Terran Vehicle And Ship Armor Level 1  
  186  12:39  Command Center  
  185  12:51  Siege Tank x2  
  186  12:54  Marine x6  
  189  13:00  Viking x2, Orbital Command  
  191  13:09  Advanced Ballistics  
  185  13:14  Viking x3  
  185  13:15  Viking  
  193  13:30  Missile Turret  
  193  13:31  Missile Turret  
  188  13:42  Command Center  
  185  14:02  Liberator x3  
  175  14:03  Marine x2  
  175  14:04  Marine x4  
  175  14:05  Marine  
  175  14:06  Marine x2, Liberator x2  
  175  14:07  Marine  
  175  14:08  Liberator  
  175  14:09  Planetary Fortress  
  172  14:15  Siege Tank  
  172  14:16  Siege Tank  
  176  14:17  Orbital Command  
  176  14:20  Marine  
  176  14:21  Marine  
  176  14:22  Marine x2  
  176  14:32  Terran Ship Weapons Level 2, Rapid Reignition System  
  176  14:33  Terran Vehicle And Ship Armor Level 2  
  176  14:34  Refinery  
  176  14:38  Refinery  
  176  14:40  Marine  
  176  14:41  Marine x6  
  176  14:43  Marine x2  
  185  14:47  Marine  
  185  14:52  Missile Turret  
  186  14:54  Viking  
  186  14:57  Viking x2  
  186  14:58  Marine  
  193  15:06  Viking x3  
  196  15:13  Missile Turret  
  193  15:17  Orbital Command  
  193  15:24  Viking  
  193  15:27  Viking  
  197  15:35  Viking  
  197  15:50  Hi-Sec Auto Tracking, Neosteel Armor  
  197  16:03  Marine x4  
  199  16:04  Marine  
  190  16:28  Marine x3  
  190  16:30  Siege Tank  
  195  16:37  Marine x2  
  195  16:39  Command Center  
  197  16:41  Viking  
  197  16:44  Marine x2  
  198  16:54  Siege Tank  
  200  17:03  Siege Tank  
  200  17:04  Marine x2  
  200  17:07  Marine  
  192  17:09  Orbital Command  
  192  17:14  Marine x2  
  191  17:19  Marine x2  
  191  17:20  Marine x2  
  191  17:22  Marine x3  
  196  17:25  Marine  
Show
View Real Time Build Order
Export as new Build Order

MarineLorD Terran 

Build Orders:  

Get SALT Encoding   

  12  0:00  SCV  
  13  0:12  SCV  
  14  0:17  Supply Depot  
  14  0:24  SCV  
  14  0:27  Refinery  
  15  0:38  SCV  
  16  0:43  Barracks  
  16  0:50  SCV  
  16  0:55  Refinery  
  17  1:02  SCV  
  18  1:15  SCV  
  19  1:30  Reaper, Orbital Command  
  20  1:34  Factory  
  20  1:43  Supply Depot  
  20  1:55  SCV  
  21  2:03  Reaper  
  21  2:07  SCV  
  23  2:19  SCV  
  23  2:20  Hellion  
  26  2:27  Command Center  
  26  2:33  SCV  
  26  2:35  Barracks Reactor  
  27  2:45  Supply Depot, Widow Mine  
  27  2:47  SCV  
  30  2:58  Starport  
  30  2:59  SCV  
  31  3:07  Factory Tech Lab  
  31  3:11  SCV  
  31  3:12  Marine x2  
  34  3:22  Refinery  
  34  3:23  SCV  
  34  3:27  Cyclone  
  37  3:29  Marine x2  
  39  3:34  Starport Tech Lab  
  39  3:38  SCV  
  40  3:41  Orbital Command  
  40  3:51  SCV  
  40  3:54  Raven  
  45  4:00  Siege Tank  
  48  4:04  SCV  
  48  4:07  SCV  
  48  4:09  Supply Depot  
  48  4:16  SCV  
  49  4:19  SCV  
  50  4:26  Supply Depot  
  50  4:28  SCV  
  51  4:31  SCV  
  51  4:36  Raven  
  57  4:40  SCV  
  57  4:43  SCV  
  59  4:49  Command Center  
  59  4:50  Siege Tank  
  59  4:53  Refinery  
  59  4:54  Supply Depot  
  59  4:55  SCV  
  59  4:56  SCV  
  61  5:07  SCV  
  61  5:09  SCV  
  65  5:17  Supply Depot  
  65  5:19  SCV  
  65  5:21  SCV  
  68  5:30  Siege Tank  
  68  5:32  SCV  
  68  5:33  Viking x2, Marine  
  68  5:34  Stimpack  
  74  5:36  SCV  
  74  5:41  Barracks  
  75  5:43  Barracks  
  75  5:44  SCV  
  76  5:54  SCV  
  76  5:56  SCV  
  78  5:57  Engineering Bay  
  78  6:00  Engineering Bay  
  78  6:02  Siege Tank  
  81  6:06  SCV  
  81  6:08  SCV, Marine  
  81  6:09  Viking  
  86  6:16  Viking  
  88  6:22  SCV x2  
  90  6:27  Orbital Command  
  90  6:28  Barracks Reactor  
  90  6:30  Terran Infantry Weapons Level 1, Terran Infantry Armor Level 1  
  90  6:32  Barracks Reactor  
  90  6:34  SCV, Siege Tank  
  90  6:35  SCV  
  95  6:46  SCV  
  93  6:48  Marine  
  93  6:49  Viking x2  
  93  6:50  SCV  
  93  6:53  SCV, Refinery  
  93  6:54  Refinery  
  100  6:58  SCV  
  101  7:06  Supply Depot x2  
  101  7:10  Supply Depot  
  101  7:15  Combat Shield  
  101  7:20  SCV x3, Marine, Siege Tank  
  108  7:27  Sensor Tower  
  108  7:31  Marine x4  
  108  7:33  SCV x3  
  114  7:38  Supply Depot, Marine  
  114  7:43  Barracks  
  115  7:44  Medivac  
  115  7:45  SCV x3, Barracks  
  115  7:46  Medivac  
  115  7:49  Marine x3  
  125  7:52  Supply Depot  
  125  7:55  Supply Depot  
  125  7:57  Armory, SCV x2, Siege Tank  
  130  8:03  Marine x2  
  130  8:05  Supply Depot  
  132  8:06  Marine x2  
  132  8:07  Marine  
  135  8:18  Command Center  
  135  8:20  Marine  
  135  8:21  Medivac  
  135  8:22  Medivac  
  135  8:24  Marine  
  142  8:28  Marine x2  
  144  8:35  Siege Tank  
  144  8:38  Barracks Reactor  
  144  8:40  Barracks Reactor  
  144  8:42  Factory  
  144  8:44  Terran Infantry Armor Level 2, Marine x2, Terran Infantry Weapons Level 2  
  144  8:45  Barracks Reactor  
  144  8:46  Terran Vehicle Weapons Level 1, Marine  
  147  8:50  Marine  
  147  8:54  SCV x2  
  150  9:01  Marine  
  150  9:02  Viking  
  134  9:12  Marine x2  
  134  9:14  Marine x2  
  112  9:17  Viking, Marine  
  112  9:18  Marine x2  
  112  9:19  Marine, Siege Tank  
  112  9:22  SCV x3  
  122  9:26  Marine x2  
  122  9:29  Marine x2, Siege Tank  
  129  9:32  Viking, Marine x2  
  129  9:35  Marine  
  129  9:36  Marine x2  
  136  9:42  Sensor Tower  
  136  9:44  Marine x2  
  138  9:47  Viking  
  138  9:50  Marine x5  
  143  9:53  Marine  
  143  9:54  Marine x2  
  144  10:02  Viking, Marine  
  144  10:07  Marine  
  127  10:08  Marine x3  
  127  10:11  Marine x3  
  127  10:12  Marine x2  
  133  10:17  Viking  
  133  10:18  Planetary Fortress  
  133  10:20  Marine  
  136  10:24  Marine  
  136  10:25  Marine  
  136  10:26  Marine x2  
  136  10:27  SCV x2  
  136  10:28  SCV  
  143  10:32  Viking  
  129  10:37  Siege Tank x2  
  129  10:39  SCV x2  
  129  10:40  SCV, Marine x4  
  140  10:47  Viking  
  140  10:49  Sensor Tower  
  142  10:59  Marine x3  
  142  11:00  Command Center  
  142  11:01  Marine x2  
  142  11:02  Viking, Marine x3  
  142  11:03  Marine  
  153  11:04  Marine  
  151  11:16  Marine  
  151  11:17  Marine x2  
  154  11:19  Marine x2  
  154  11:20  Marine  
  154  11:22  Marine x4  
  154  11:23  Siege Tank x2  
  167  11:25  Terran Infantry Weapons Level 3  
  167  11:26  Terran Infantry Armor Level 3  
  167  11:32  Viking x2  
  171  11:34  Terran Vehicle Weapons Level 2  
  171  11:38  Refinery  
  171  11:39  Refinery  
  171  11:43  Marine x3  
  171  11:44  Marine x4  
  171  11:46  Supply Depot  
  178  11:48  Supply Depot  
  178  11:49  Supply Depot  
  178  11:50  Supply Depot  
  178  12:03  Marine x2  
  178  12:04  Marine  
  178  12:06  Marine  
  178  12:07  Marine x2  
  182  12:10  Marine x4  
  186  12:16  Command Center  
  186  12:23  Siege Tank x2  
  186  12:25  Viking x2  
  195  12:38  Barracks  
  195  12:39  Barracks x2  
  192  12:51  Marine x2  
  194  12:55  Siege Tank  
  197  13:02  Siege Tank  
  197  13:20  Command Center  
  197  13:21  Starport x2  
  197  13:22  Starport x2  
  197  13:28  Missile Turret  
  197  13:29  Missile Turret  
  197  13:30  Missile Turret  
  197  13:41  Viking  
  197  13:43  Planetary Fortress  
  184  14:03  Neosteel Armor  
  184  14:06  Marine x7  
  184  14:09  Marine x3  
  141  14:13  Siege Tank x2  
  141  14:16  Viking  
  141  14:17  Viking  
  150  14:19  Starport Tech Lab x4  
  150  14:23  Marine  
  150  14:24  Marine x4  
  149  14:26  Orbital Command  
  149  14:29  Marine x2  
  149  14:30  Missile Turret, Marine x2  
  151  14:32  Marine, Sensor Tower  
  151  14:33  Barracks Reactor  
  151  14:34  Barracks Reactor x2, Terran Vehicle Weapons Level 3  
  152  14:41  Marine x3  
  152  14:42  Marine x2  
  152  14:44  Raven x3, Corvid Reactor  
  166  14:45  Siege Tank x2  
  166  14:46  Raven  
  166  14:47  Marine x2  
  166  14:48  Marine  
  166  14:51  Refinery  
  166  14:52  Sensor Tower  
  174  14:53  Refinery  
  174  15:04  Marine x3  
  176  15:07  Planetary Fortress, Marine x3  
  178  15:18  Viking x2  
  182  15:27  Marine  
  182  15:28  Marine x2  
  184  15:31  Refinery x2, Missile Turret  
  184  15:37  Missile Turret  
  184  15:40  Raven x2  
  187  15:42  Marine  
  187  15:43  Marine x8  
  187  15:44  Marine x3  
  187  15:48  Missile Turret  
  162  16:06  Marine x2  
  162  16:07  Marine x2  
  158  16:22  Marine x8, Siege Tank x2  
  158  16:23  Marine x4  
  158  16:24  Medivac x4, Marine x3  
  158  16:25  Medivac  
  179  16:31  Marine  
  174  16:37  Viking  
  174  16:39  Marine  
  176  16:40  Marine x4  
  176  16:46  Marine  
  167  16:52  Marine  
  167  16:53  Marine x3  
  167  16:54  Viking, Siege Tank x2  
  174  17:05  Marine  
  141  17:09  Marine x7  
  141  17:10  Marine x4  
  141  17:11  Medivac  
  141  17:12  Marine x2  
  149  17:19  Marine  
  133  17:23  Marine  
Tags
 
Add a new tag
Caveats
  • Supply blocks, unpowered buildings, or Contaminate may cause inaccurate times.
  • Supply counts are checked every 10 seconds.